 Dungeon Crawl Stone Soup version 0.26-a0-844-g3dd439832f (webtiles) character file.

Game seed: 14613429962402153519

14452 pablito the Demonic Cataclysm (level 11, -5/87 HPs)
             Began as a Demonspawn Artificer on Nov 18, 2020.
             Was a High Priest of Qazlal.
             Slain by a boulder beetle (22 damage)
             ... on level 10 of the Dungeon.
             The game lasted 00:54:59 (11160 turns).

pablito the Demonic Cataclysm (DsAr)               Turns: 11160, Time: 00:54:59

Health: -5/87      AC: 11    Str: 19    XL:     11   Next: 88%
Magic:  0/27       EV: 13    Int:  8    God:    Qazlal [*****.]
Gold:   724        SH: 23    Dex: 16    Spells: 10/10 levels left

rFire    + + .     SeeInvis +   o - +3 scimitar (flame)
rCold    . . .     Faith    .   i - +0 kite shield
rNeg     . . .     Spirit   +   I - +0 ring mail "Oliumad" {MP+9 Str+6 Int-5 SInv}
rPois    .         Reflect  +   (helmet restricted)
rElec    .         Harm     .   (no cloak)
rCorr    .         Rampage  .   (no gloves)
MR       .....                  (no boots)
Stlth    +.........             k - amulet of reflection
HPRegen  0.24/turn              K - ring of protection from fire
MPRegen  0.20/turn              M - ring of protection from fire

@: protected from physical damage, repel missiles
A: horns 2, yellow scales 1, foul stench 1, magic shield, rot immunity
a: Upheaval, Elemental Force, Disaster Area, Renounce Religion


You were on level 10 of the Dungeon.
You worshipped Qazlal.
Qazlal was extremely pleased with you.
You visited 1 branch of the dungeon, and saw 10 of its levels.
You also visited: Sewer.

You collected 724 gold pieces.

Inventory:

Hand Weapons
 g - a +4 vampiric short sword
 o - a +3 scimitar of flaming (weapon)
Missiles
 r - 3 silver javelins (quivered)
Armour
 h - +2 swamp dragon scales
 i - a +0 kite shield (worn)
 I - the +0 ring mail "Oliumad" (worn) {MP+9 Str+6 Int-5 SInv}
   (You took it off a gnoll on level 6 of the Dungeon)

   It affects your strength (+6).
   It affects your intelligence (-5).
   It affects your magic capacity (+9).
   It lets you see invisible.
Jewellery
 k - an amulet of reflection (around neck)
 t - an uncursed amulet of magic regeneration
 K - a ring of protection from fire (left hand)
 M - a ring of protection from fire (right hand)
Wands
 c - a wand of flame (23)
 d - a wand of enslavement (14)
 e - a wand of random effects (27)
 m - a wand of polymorph (10)
 G - a wand of digging (7)
 O - a wand of disintegration (12)
Scrolls
 a - a scroll of noise
 b - a scroll of enchant weapon
 j - 4 scrolls of teleportation
 n - 3 scrolls of fog
 p - a scroll of blinking
 u - 3 scrolls of random uselessness {unknown}
 z - 2 scrolls of magic mapping
 H - a scroll of amnesia
 J - a scroll of identify
 L - 4 scrolls of fear
Potions
 f - 2 potions of cancellation
 s - 2 potions of attraction
 v - a potion of berserk rage {unknown}
 w - 3 potions of resistance
 x - 2 potions of ambrosia
 A - 3 potions of haste
 B - 2 potions of lignification
 C - a potion of brilliance {unknown}
 D - a potion of flight {unknown}
 E - a potion of might {unknown}
 F - a potion of experience {unknown}
 Q - 2 potions of mutation


   Skills:
 + Level 8.4 Fighting
 - Level 4.9(6.1) Short Blades
 + Level 5.3(6.3) Long Blades
 + Level 5.9 Armour
 - Level 6.0 Dodging
 - Level 1.3 Stealth
 + Level 6.6 Shields
 + Level 10.5 Invocations
 - Level 7.0 Evocations


You had 10 spell levels left.
You didn't know any spells.
Your spell library contained the following spells:

 Spells                   Type           Power        Failure   Level
 Summon Small Mammal      Summ           #...         91%         1
 Call Imp                 Summ           #.......     97%         2
 Call Canine Familiar     Summ           #.......     99%         3
 Summon Guardian Golem    Hex/Summ       #.......     99%         3
 Summon Ice Beast         Ice/Summ       #.......     100%        4
 Summon Lightning Spire   Summ/Air       #.......     100%        4


Dungeon Overview and Level Annotations

Branches:
Dungeon (10/15)            Temple (0/1) D:5           Sewer (visited)
   Lair: D:8-11         Orc: D:9-12

Altars:
Dithmenos
Gozag
Makhleb
Nemelex Xobeh
Qazlal
Sif Muna
Uskayaw
Vehumet
Xom


Innate Abilities, Weirdness & Mutations

You have a pair of horns on your head.
You are partially covered in yellow scales. (AC +2)
You may emit foul miasma when damaged in melee.
When hurt, damage is shared between your health and your magic reserves.
You are immune to rotting.


Message History

You block the centaur warrior skeleton's attack!
The boulder beetle curls into a ball and begins rolling!!!
You fracture the centaur warrior skeleton into splinters!!!
You burn the centaur warrior skeleton!
The centaur warrior skeleton is moderately damaged!
You hear a howl!!!
You block the centaur warrior skeleton's attack!
You fracture the centaur warrior skeleton into splinters!!!
You burn the centaur warrior skeleton!
The centaur warrior skeleton is heavily damaged!
You block the centaur warrior skeleton's attack!
The boulder beetle is engulfed in blazing flames!
The boulder beetle barely misses you!
The boulder beetle stops rolling and uncurls!
You block the centaur warrior skeleton's attack!
You fracture the centaur warrior skeleton into splinters!!!!!!
You burn the centaur warrior skeleton!!!
The centaur warrior skeleton is almost destroyed!
The boulder beetle bites you!!!!!! rip

############# ########
............## #####......##
#.........#..######...........##
..###)###(.#.##..>..#######....##
## ##..##[.)##....##. ##.....
#..####.##.......##.# ##....
#..###.#########..# ##...
####†##.##.....#..# .# #.<.
##..#†#.## ##@#○.#.. .## #...
#.##.##.### #.ZB=.# .#..# #...
##.#.#..##.# ##†#.)##.... #...
#.##.#####.#.....#†..#...# #..#
#.###..##.####.####..##..# ##.##
##.####..## ..# ##).#.# ##..#
##..##### ..# ##...# ##..##
###)####..# ###(###..##
#..(..#..# #.....#...##


You could see a boulder beetle (sick) and a centaur warrior skeleton.

Vanquished Creatures
  A rakshasa (D:10)
  A centaur warrior (D:10)
  A death knight (D:10)
  3 two-headed ogres
  An unseen horror (D:10)
  Pikel (D:5)
  An ugly thing (D:10)
  Maggie (D:6)
  A gargoyle (D:10)
  2 komodo dragons (D:10)
  An efreet (D:10)
  4 trolls
  A hornet (D:8)
  A wraith (D:10)
  2 wyverns (D:10)
  10 yaks
  2 steam dragons (D:9)
  2 sky beasts
  2 black bears
  5 orc warriors
  2 phantoms
  A necrophage (D:8)
  3 ogres
  4 centaurs
  A big kobold (D:10)
  Blork the orc (D:6)
  3 gnoll sergeants (D:6)
  7 bullfrogs
  A wyvern zombie (D:9)
  3 scorpions
  5 killer bees (D:8)
  3 howler monkeys (D:5)
  4 wights (D:5)
  2 centaur zombies
  3 hounds
  A bullfrog zombie (D:6)
  3 centaur skeletons
  7 jellies
  Ijyb (D:3)
  4 iguanas
  3 orc priests
  4 orc wizards
  6 worker ants
  A hound zombie (D:10)
  A hound skeleton (D:6)
  2 worker ant zombies
  A howler monkey zombie (D:10)
  5 gnolls (D:6)
  19 adders
  9 river rats (Sewer)
  A shadow imp (D:9)
  5 white imps
  2 ufetubi
  2 oozes
  An adder zombie (D:7)
  An adder skeleton (D:8)
  5 worms
  4 dart slugs
  9 leopard geckos
  29 orcs
  5 giant cockroaches
  10 goblins
  15 hobgoblins
  5 jackals
  3 quokkas
  11 ball pythons
  11 bats
  4 frilled lizards
  A jackal skeleton (D:4)
  14 kobolds
  2 leopard gecko skeletons (D:6)
  A quokka skeleton (D:8)
  24 rats
318 creatures vanquished.

Vanquished Creatures (collateral kills)
  An ice beast (D:6)
  A centaur (D:6)
  A big kobold (D:6)
  2 orc priests
  A gnoll (D:6)
  An orc (D:9)
  A ball python (D:6)
  2 hobgoblins (D:6)
  4 kobolds (D:6)
14 creatures vanquished.

Vanquished Creatures (others)
  An adder (D:10)
  A river rat (D:6)
  A jackal (D:1)
  9 plants (D:6)
12 creatures vanquished.

Grand Total: 344 creatures vanquished

Notes
Turn   | Place    | Note
-------+----------+-------------------------------------------
     0 | D:1      | pablito the Demonspawn Artificer began the quest for the
                  | Orb.
     0 | D:1      | Reached XP level 1. HP: 15/15 MP: 1/1
    96 | D:1      | Reached skill level 1 in Dodging
    96 | D:1      | Reached skill level 1 in Stealth
   323 | D:2      | Gained mutation: You have a pair of small horns on your
                  | head. [demonic ancestry]
   323 | D:2      | Reached XP level 2. HP: 6/21 MP: 2/2
  1341 | D:1      | Reached XP level 3. HP: 26/26 MP: 3/3
  2176 | D:2      | Found a radiant altar of Vehumet.
  2178 | D:2      | Found a shimmering altar of Xom.
  2187 | D:2      | Found a shimmering blue altar of Sif Muna.
  2188 | D:2      | Found a sparkling altar of Nemelex Xobeh.
  2189 | D:2      | Found a stormy altar of Qazlal.
  2195 | D:2      | Became a worshipper of Qazlal Stormbringer
  2227 | D:2      | Reached XP level 4. HP: 31/33 MP: 4/4
  2564 | D:2      | Reached skill level 1 in Short Blades
  2692 | D:3      | Noticed Ijyb
  2711 | D:3      | Killed Ijyb
  2712 | D:3      | Reached skill level 1 in Invocations
  2723 | D:3      | Gained mutation: When hurt, damage is shared between your
                  | health and your magic reserves. [demonic ancestry]
  2723 | D:3      | Reached XP level 5. HP: 39/39 MP: 5/5
  2738 | D:3      | Reached * piety under Qazlal
  3385 | D:4      | Reached skill level 2 in Invocations
  3483 | D:4      | Reached XP level 6. HP: 22/46 MP: 3/7
  3888 | D:5      | Entered Level 5 of the Dungeon
  3928 | D:5      | Noticed Pikel
  3948 | D:5      | Killed Pikel
  3949 | D:5      | Reached skill level 4 in Invocations
  3949 | D:5      | Gained mutation: You are immune to rotting. [demonic
                  | ancestry]
  3949 | D:5      | Reached XP level 7. HP: 44/53 MP: 7/10
  4182 | D:5      | Reached skill level 5 in Evocations
  4255 | D:5      | Reached skill level 1 in Shields
  4255 | D:5      | Reached XP level 8. HP: 60/60 MP: 11/11
  4385 | D:5      | Reached ** piety under Qazlal
  4548 | D:5      | Found a staircase to the Ecumenical Temple.
  4735 | D:6      | Reached skill level 5 in Invocations
  4746 | D:6      | Found a glowing drain.
  4769 | Sewer    | Entered a sewer
  4992 | Sewer    | Reached *** piety under Qazlal
  5380 | D:6      | Noticed Maggie
  5423 | D:6      | Noticed Blork the orc
  5606 | D:6      | Killed Maggie
  5607 | D:6      | Reached skill level 5 in Fighting
  5607 | D:6      | Reached skill level 6 in Invocations
  5607 | D:6      | Gained mutation: You are partially covered in yellow
                  | scales. (AC +2) [demonic ancestry]
  5607 | D:6      | Reached XP level 9. HP: 52/68 MP: 10/13
  5670 | D:6      | Killed Blork the orc
  6146 | D:6      | Identified the cursed +0 ring mail "Oliumad" {MP+9 Str+6
                  | Int-5 SInv}
  6177 | D:6      | Reached **** piety under Qazlal
  6255 | D:6      | Reached skill level 5 in Dodging
  7171 | D:7      | Found a shadowy altar of Dithmenos.
  7309 | D:7      | Reached skill level 7 in Invocations
  7346 | D:7      | Found a burning altar of Makhleb.
  7762 | D:7      | Reached skill level 1 in Long Blades
  7772 | D:7      | Gained mutation: You may emit foul miasma when damaged in
                  | melee. [demonic ancestry]
  7772 | D:7      | Reached XP level 10. HP: 66/76 MP: 10/15
  8231 | D:8      | Reached ***** piety under Qazlal
  8449 | D:8      | Reached skill level 8 in Invocations
  8713 | D:8      | Found a hide-covered altar of Uskayaw.
  9566 | D:9      | Noticed a two-headed ogre
  9575 | D:9      | Killed a two-headed ogre
  9576 | D:9      | Reached skill level 5 in Shields
  9640 | D:9      | Found an opulent altar of Gozag.
  9853 | D:9      | Noticed a two-headed ogre
  9869 | D:9      | Killed a two-headed ogre
 10020 | D:9      | Reached skill level 9 in Invocations
 10568 | D:10     | Entered Level 10 of the Dungeon
 10576 | D:10     | Gained mutation: You have a pair of horns on your head.
                  | [demonic ancestry]
 10576 | D:10     | Reached XP level 11. HP: 84/84 MP: 17/17
 10775 | D:10     | Noticed a purple ugly thing
 10792 | D:10     | Killed a purple ugly thing
 11019 | D:10     | Identified the +2 morningstar "Sani" {holy, rPois rN+
                  | Str+6}
 11019 | D:10     | Noticed a centaur warrior
 11027 | D:10     | Killed a centaur warrior
 11028 | D:10     | Reached skill level 5 in Armour
 11043 | D:10     | Noticed an unseen horror
 11057 | D:10     | Killed an unseen horror
 11087 | D:10     | Noticed a two-headed ogre
 11096 | D:10     | Reached skill level 10 in Invocations
 11102 | D:10     | Noticed a rakshasa
 11105 | D:10     | Killed a two-headed ogre
 11110 | D:10     | Noticed a death knight
 11116 | D:10     | Reached skill level 5 in Long Blades
 11116 | D:10     | Noticed a boulder beetle
 11121 | D:10     | Killed a rakshasa
 11132 | D:10     | Killed a death knight
 11160 | D:10     | Slain by a boulder beetle

Illustrated notes

Levels and vault maps discovered:
D:1:      mrwooster_arrival_arrow, layout_basic
D:2:      layout_basic, chequers_temple_overflow_statue_of_worship,
          grunt_temple_overflow_open, minmay_crystal_room
D:3:      layout_rooms, st_stairs_14, uniq_ijyb
D:4:      layout_rooms, serial_glass, glass_columns_c, glass_columns_a,
          glass_columns_a, glass_columns_a
D:5:      layout_basic, minmay_temple_entry_butterflies, uniq_pikel
D:6:      kennysheep_housing_project, layout_basic,
          cheibrodos_sewer_entry_sluice, kennysheep_generic_room_2, uniq_maggie,
          uniq_blork_the_orc
D:7:      layout_layer_cave, nicolae_overflow_hidden_temple, bloody_makhleb
D:8:      layout_rooms, lemuel_round_altar
D:9:      cheibrodos_steamvent, layout_grid_maze, grunt_gozag_breadcrumbs
D:10:     minmay_the_grid_octo_tiled_octocenter
          [minmay_the_grid_octo_fan_narrow, minmay_the_grid_octo_thin_diamonds,
          minmay_the_grid_octo_77, minmay_the_grid_octo_odd_swirl,
          minmay_the_grid_octo_prize_star, minmay_the_grid_square_5x5_eight,
          minmay_the_grid_square_5x5_v, minmay_the_grid_square_5x5_two_walls_a,
          minmay_the_grid_square_5x5_inner_i], layout_rooms, serial_shops,
          nicolae_shop_trees, shop, shop, shop, shop, gammafunk_ghost_necromancy

Skill      XL: |  1  2  3  4  5  6  7  8  9 10 11 |
---------------+----------------------------------+-----
Dodging        | 1 2 3 4 5 6 |  6.0
Stealth        | 1 |  1.3
Armour         | 2 4 5 |  5.9
Fighting       | 2 3 4 5 6 7 8 |  8.4
Short Blades   | 1 3 4 |  4.9
Invocations    | 1 2 4 6 7 9 10 | 10.5
Evocations     | 4 5 6 7 |  7.0
Shields        | 1 2 4 5 6 |  6.6
Long Blades    | 1 3 5 |  5.3

Action                   |  1- 3 |  4- 6 |  7- 9 | 10-12 || total
-------------------------+-------+-------+-------+-------++-------
Melee: Club              |    68 |       |       |       ||    68
       Headbutt          |    17 |    31 |   119 |   122 ||   289
       Short sword       |    89 |   234 |   606 |   394 ||  1323
       Scimitar          |       |       |       |    35 ||    35
Invok: Upheaval          |       |       |       |     1 ||     1
       Elemental Force   |       |       |       |     1 ||     1
Evoke: Wand              |     4 |     2 |    18 |     1 ||    25
  Use: Scroll            |     4 |     5 |    16 |     6 ||    31
       Potion            |       |     1 |     3 |     5 ||     9
Armor: Leather armour    |    12 |       |       |       ||    12
       Swamp dragon scal |    74 |    90 |   160 |       ||   324
       Ring mail         |       |       |    16 |    50 ||    66
Dodge: Dodged            |    81 |    50 |   238 |   114 ||   483
       Repelled          |       |       |     1 |     3 ||     4
Block: Other             |    10 |       |       |       ||    10
       Kite shield       |    58 |   167 |   672 |   469 ||  1366
       Reflection        |     1 |       |     7 |    16 ||    24
       Rpst.: Scimitar   |       |       |       |     1 ||     1

Table legend: (Time is in decaauts)
 A = Elapsed time spent in this place.
 B = Non-inter-level travel time spent in this place.
 C = Inter-level travel time spent in this place.
 D = Time resting spent in this place.
 E = Time spent auto-exploring this place.
 F = Levels seen in this place.
 G = Mean time per level.
                   A        B        C        D        E       F      G
               +--------+--------+--------+--------+--------+-----+--------+
         Total |  11242 |  11003 |    239 |   1112 |   6962 |  11 | 1022.0 |
       Dungeon |  10631 |  10392 |    239 |   1004 |   6745 |  10 | 1063.1 |
         Sewer |    611 |    611 |      0 |    108 |    217 |   1 |  611.0 |
               +--------+--------+--------+--------+--------+-----+--------+

Top non-repeatable levels by time:
     D:6: 1861 daAuts
     D:9: 1586 daAuts
     D:1: 1492 daAuts
     D:2: 1198 daAuts
     D:7: 1049 daAuts
     D:5: 836 daAuts
     D:8: 769 daAuts
     D:3: 671 daAuts
   Sewer: 611 daAuts
     D:4: 588 daAuts
    D:10: 576 daAuts
